 Dungeon Crawl Stone Soup version 0.30-b1-2-g02819fbbbe (webtiles) character file.

Game seed: 7072663198788687696

9147 onononon the Skirmisher (level 11, -1/77 (84) HPs)
             Began as a Demonspawn Hunter on May 8, 2023.
             Was an Initiate of Gozag.
             Slain by a wight
             ... wielding a +5 trident
              (2 damage)
             ... on level 10 of the Dungeon.
             The game lasted 00:14:18 (9545 turns).

onononon the Skirmisher (Demonspawn Hunter)         Turns: 9545, Time: 00:14:21

HP:   -1/77 (84)    AC:  6    Str:  8    XL:     11   Next: 19%
MP:   11/11         EV: 15    Int: 13    God:    Gozag
Gold: 1584          SH:  0    Dex: 28    Spells: 10/10 levels left

rFire   . . .        a - +0 shortbow (chaos)
rCold   . . .        (shield currently unavailable)
rNeg    . . .        c - +0 leather armour
rPois   .            (helmet restricted)
rElec   .            (no cloak)
rCorr   .            (no gloves)
SInv    +            b - +2 pair of boots of Gestures {Dex+2 SInv}
Will    .....        (no amulet)
Stlth   +++          j - ring of see invisible
HPRegen 0.32/turn    (no ring)
MPRegen 0.12/turn

%: no passive effects
@: mighty, studying Maces & Flails, drained
A: horns 2, demonic guardian 1, spiny 2, big brain 2, agile 1, weak 1
a: Renounce Religion, Potion Petition, Call Merchant, Bribe Branch


You were on level 10 of the Dungeon.
You worshipped Gozag.
Gozag was most pleased with you.
You visited 2 branches of the dungeon, and saw 11 of its levels.

You collected 1680 gold pieces.
You paid 96 gold pieces to Gozag.

Inventory:

Hand Weapons
 a - a +0 shortbow of chaos (weapon)
Armour
 b - the +2 pair of boots of Gestures (worn) {Dex+2 SInv}
   (You acquired it on level 1 of the Dungeon)

   Dex:       It affects your dexterity (+2).
   SInv:      It lets you see invisible.
 c - a +0 leather armour (worn)
Jewellery
 e - an amulet of regeneration
 j - a ring of see invisible (left hand)
 n - a ring of positive energy
 o - a ring of ice
Scrolls
 d - 3 scrolls of fear
 f - a scroll of torment
 h - 5 scrolls of identify
 k - a scroll of magic mapping
 p - a scroll of teleportation {unknown}
 r - a scroll of noise {unknown}
 s - a scroll of enchant armour {unknown}
Potions
 g - 2 potions of mutation
 l - 2 potions of curing
 m - a potion of brilliance
 u - a potion of flight


   Skills:
 + Level 7.5 Fighting
 + Level 13.5 Ranged Weapons
 + Level 4.3 Armour
 + Level 4.5 Dodging
 + Level 2.2 Stealth


You had 10 spell levels left.
You didn't know any spells.
Your spell library contained the following spells:

 Spells                   Type           Power      Damage    Failure   Level
 Cigotuvi's Dreadful Rot  Necr/Pois/Air  0%         N/A       54%         2
 Ignite Poison            Fire/Tmut/Pois 0%         N/A       77%         3
 Tukima's Dance           Hex            0%         N/A       77%         3
 Volatile Blastmotes      Fire/Tloc      0%         2d10      77%         3
 Dispel Undead            Necr           0%         3d6       99%         4
 Fulminant Prism          Conj/Hex       0%         3d5       99%         4
 Iskenderun's Mystic Bla  Conj/Tloc      0%         2d3       99%         4
 Passage of Golubria      Tloc           0%         N/A       99%         4
 Freezing Cloud           Conj/Ice/Air   0%         6-21      100%        5
 Lee's Rapid Deconstruct  Erth           0%         3d4*      100%        5
 Yara's Violent Unravell  Hex/Tmut       0%         3d3       100%        5
 Death Channel            Necr           0%         N/A       100%        6


Dungeon Overview and Level Annotations

Branches:
Dungeon (10/15)            Temple (1/1) D:4            Lair (0/5) D:10
    Orc: D:9-12

Altars:
Ashenzari
Cheibriados
Dithmenos
Fedhas
Gozag
Hepliaklqana
Kikubaaqudgha
Makhleb
Nemelex Xobeh
Okawaru
Qazlal
Ru
Sif Muna
Trog
Uskayaw
Vehumet
Wu Jian
Xom
Yredelemnul

Shops:
D:5 ?   D:6 =   D:7 ?*[   D:8 ??*   D:10 (

Annotations:
D:10 2 runed translucent doors


Innate Abilities, Weirdness & Mutations

You have a pair of horns on your head.
A weak demonic guardian rushes to your aid.
You are mostly covered in sharp spines.
You have an extremely huge brain. (Int +4)
You are agile. (Dex +4, Str/Int -1)
You are weak. (Str -2)


Message History

Press: ? - help, Shift-Dir - straight line, f/p - wight
Aim: a wight, wielding a +5 trident and wearing a +0 robe (73% to hit)
You shoot an arrow.
The arrow hits the wight but does no damage.
Space warps around the wight.
The wight is moderately damaged.
The wight hits you but does no damage.
Fire: a) +0 shortbow (chaos)
Press: ? - help, Shift-Dir - straight line, f/p - wight
Aim: a wight, wielding a +5 trident and wearing a +0 robe (moderately damaged, 73% to hit)
You shoot an arrow. The arrow hits the slime creature!!
Lightning courses through the slime creature!
The slime creature is heavily wounded.
Unknown command.
Fire: a) +0 shortbow (chaos)
Press: ? - help, Shift-Dir - straight line, f/p - wight
Aim: a wight, wielding a +5 trident and wearing a +0 robe (moderately damaged, 73% to hit)
You shoot an arrow. The arrow hits the slime creature.
The arrow burns the slime creature.
The slime creature is severely wounded.
The wight hits you from afar with a +5 trident!
The slime creature is struck by your spines.
The slime creature hits you but does no damage.
You shoot an arrow.
The arrow hits the slime creature but does no damage.
The slime creature is severely wounded.
The wight hits you from afar with a +5 trident!
* * * LOW HITPOINT WARNING * * *
You feel drained.
* * * LOW HITPOINT WARNING * * *
A demonic guardian appears!
The slime creature barely misses you.
As you read the scroll of fear, it crumbles to dust.
You assume a fearsome visage.
The slime creature resists with almost no effort.
The wight is unaffected.
The wight hits you from afar with a +5 trident!
* * * LOW HITPOINT WARNING * * *
You feel drained.
You die...
Your body crumbles into a pile of gold.

##.#.........#
#cY..##..........
######.)##.....
.........#...##
... .#.#.....#...#
... .. #.....'...#
...
....#.....#z..#
...
....#######J..#
...
...........@..#
...
..............##
...
..........5.......
...
.........#########
... .........#
..... ...
.........# .....
...
.........#......
#<. ...
.........#......
#.######.
.#'#'##..'......
#.#....##


You could see a slime creature (ally target), a wight and a friendly shadow imp
(summoned).

Vanquished Creatures
  A two-headed ogre (D:10)
  Pikel (D:7)
  Grinder (D:6)
  A wraith (D:6)
  A shadow (D:10)
  A wyvern (D:7)
  Eustachio (D:6)
  14 yaks
  A vampire mosquito (D:7)
  A steam dragon (D:8)
  The ghost of onononon the Covert, an amateur OpBr (D:3)
  Menkaure (D:4)
  6 water moccasins
  2 orc warriors
  2 black bears (D:7)
  2 ice beasts
  2 sky beasts
  5 ogres
  2 centaurs
  A centaur (shapeshifter) (D:9)
  4 lemures (D:7)
  3 kobold brigands
  3 bullfrogs
  4 scorpions
  Blork the orc (D:6)
  A gnoll sergeant (D:10)
  6 wights
  5 howler monkeys
  2 jellies
  2 hounds
  6 orc priests
  3 gnoll boudas
  A sleepcap (D:5)
  3 iguanas
  5 orc wizards
  18 gnolls
  6 adders
  4 white imps
  4 ufetubi (D:5)
  4 worms
  6 dart slugs
  19 orcs
  8 endoplasms
  4 giant cockroaches
  5 goblins
  4 hobgoblins
  4 jackals (D:4)
  4 quokkas
  8 ball pythons
  5 bats
  5 frilled lizards
  15 kobolds
  6 rats
225 creatures vanquished.

Vanquished Creatures (collateral kills)
  A yak (D:10)
  An acid dragon (D:7)
  A water moccasin (D:7)
  2 centaurs (D:10)
5 creatures vanquished.

Vanquished Creatures (others)
  A scorpion (D:6)
  A bullfrog (D:9)
  2 withered plants (D:3)
4 creatures vanquished.

Grand Total: 234 creatures vanquished

Notes
Turn   | Place    | Note
-------+----------+-------------------------------------------
     0 | D:1      | onononon the Demonspawn Hunter began the quest for the Orb.
     0 | D:1      | Reached XP level 1. HP: 16/16 MP: 1/1
    60 | D:1      | Found a faded altar of an unknown god.
   158 | D:1      | Reached skill level 4 in Ranged Weapons
   158 | D:1      | Gained mutation: You have a pair of small horns on your
                  | head. [demonic ancestry]
   158 | D:1      | Reached XP level 2. HP: 20/22 MP: 2/2
   753 | D:1      | Identified a scroll of acquirement
   753 | D:1      | Acquired the +2 pair of boots of Gestures {Dex+2 SInv}
   850 | D:2      | Gained mutation: A weak demonic guardian rushes to your
                  | aid. [demonic ancestry]
   850 | D:2      | Reached XP level 3. HP: 27/27 MP: 3/3
   894 | D:2      | Gained mutation: You are partially covered in sharp spines.
                  | [demonic ancestry]
   894 | D:2      | Reached XP level 4. HP: 34/34 MP: 4/4
   898 | D:2      | Reached skill level 1 in Armour
  1015 | D:2      | Reached skill level 5 in Ranged Weapons
  1397 | D:2      | Gained mutation: You are agile. (Dex +4, Str/Int -1)
                  | [potion of mutation]
  1397 | D:2      | Gained mutation: You are weak. (Str -2) [potion of
                  | mutation]
  1560 | D:3      | Found a runed translucent door.
  1561 | D:3      | Noticed onononon's ghost (amateur OpBr)
  1715 | D:3      | Found a sacrificial altar of Ru.
  1717 | D:3      | Found a burning altar of Makhleb.
  1921 | D:3      | Reached XP level 5. HP: 39/39 MP: 5/5
  2258 | D:3      | Killed onononon's ghost
  2611 | D:4      | Noticed Menkaure
  2614 | D:4      | Killed Menkaure
  2615 | D:4      | Reached skill level 6 in Ranged Weapons
  2615 | D:4      | Reached skill level 1 in Stealth
  2615 | D:4      | Gained mutation: You are mostly covered in sharp spines.
                  | [demonic ancestry]
  2615 | D:4      | Reached XP level 6. HP: 47/47 MP: 6/6
  2628 | D:4      | Found a broken altar of Ashenzari.
  2815 | D:4      | Found a staircase to the Ecumenical Temple.
  2821 | D:4      | Gained mutation: You have an unusually large brain. (Int
                  | +2) [demonic ancestry]
  2821 | D:4      | Reached XP level 7. HP: 52/52 MP: 7/7
  2826 | Temple   | Entered the Ecumenical Temple
  2896 | Temple   | Became a worshipper of Gozag Ym Sagoz the Greedy
  3179 | D:4      | Reached skill level 7 in Ranged Weapons
  3366 | D:5      | Entered Level 5 of the Dungeon
  3731 | D:5      | Gained mutation: You have an extremely huge brain. (Int +4)
                  | [demonic ancestry]
  3731 | D:5      | Reached XP level 8. HP: 60/60 MP: 8/8
  3855 | D:5      | Reached skill level 8 in Ranged Weapons
  3865 | D:5      | Found Porrytin's Magic Scroll Boutique.
  4584 | D:5      | Reached skill level 9 in Ranged Weapons
  4714 | D:6      | Reached skill level 5 in Fighting
  4714 | D:6      | Reached XP level 9. HP: 11/68 MP: 9/9
  4861 | D:6      | Noticed Eustachio
  4881 | D:6      | Killed Eustachio
  4938 | D:6      | Reached skill level 10 in Ranged Weapons
  5446 | D:6      | Noticed Grinder
  5463 | D:6      | Killed Grinder
  5522 | D:6      | Found Koppacu's Jewellery Shoppe.
  5568 | D:6      | Noticed Blork the orc
  5574 | D:6      | Killed Blork the orc
  5799 | D:7      | Reached skill level 11 in Ranged Weapons
  5863 | D:7      | Found Par Uryr's Assorted Antiques.
  6053 | D:7      | Gained mutation: You have a pair of horns on your head.
                  | [demonic ancestry]
  6053 | D:7      | Reached XP level 10. HP: 64/76 MP: 10/10
  6076 | D:7      | Found Pafaj's Magic Scroll Shoppe.
  6559 | D:7      | Found Xeiramops's Armour Boutique.
  6758 | D:7      | Noticed Pikel
  6788 | D:7      | Killed Pikel
  7202 | D:7      | Reached skill level 12 in Ranged Weapons
  7341 | D:8      | Found Wufuufagija's General Store.
  7463 | D:8      | Found Teurchaenu's Magic Scroll Shoppe.
  7766 | D:8      | Found Fintoro's Magic Scroll Emporium.
  8010 | D:9      | Found a shimmering blue altar of Sif Muna.
  8026 | D:9      | Found a blossoming altar of Fedhas.
  8426 | D:9      | Found a shimmering altar of Xom.
  8432 | D:9      | Found a shimmering altar of Xom.
  8433 | D:9      | Found a shimmering altar of Xom.
  8433 | D:9      | Found a shimmering altar of Xom.
  8434 | D:9      | Found a shimmering altar of Xom.
  8437 | D:9      | Found a shimmering altar of Xom.
  8439 | D:9      | Found a shimmering altar of Xom.
  8476 | D:9      | Reached skill level 13 in Ranged Weapons
  8828 | D:9      | Found a snail-covered altar of Cheibriados.
  8836 | D:9      | Found a hide-covered altar of Uskayaw.
  8930 | D:9      | Reached XP level 11. HP: 84/84 MP: 11/11
  9128 | D:10     | Entered Level 10 of the Dungeon
  9139 | D:10     | Found Oguc Gex's Antique Weapon Shop.
  9149 | D:10     | Found a staircase to the Lair.
  9458 | D:10     | Found a large runed translucent door.
  9458 | D:10     | Found a large runed translucent door.
  9477 | D:10     | Noticed a two-headed ogre
  9491 | D:10     | Killed a two-headed ogre
  9498 | D:10     | Noticed a centaur warrior
  9545 | D:10     | HP: 1/80 [wight/+5 trident (14)]
  9545 | D:10     | Slain by a wight

Illustrated notes

Levels and vault maps discovered:
D:1:      dpeg_arrival_rhombi, layout_basic,
          hellmonk_ecumenical_altar_pennies_from_heaven, chequers_jeans
D:2:      layout_rooms
D:3:      layout_loops_ring, jmf_multi_god_temple, gammafunk_ghost_grave,
          kennysheep_generic_room_4
D:4:      layout_basic, ashenzari_conservatory_becter,
          minmay_temple_entry_statues, uniq_menkaure
D:5:      layout_cave_pools, serial_shops, nicolae_square_shop,
          minmay_manual_monstrance
D:6:      layout_loops_ring, serial_shops, kennysheep_mini, uniq_grinder,
          uniq_blork_the_orc, uniq_eustachio
D:7:      kennysheep_big_flooded_room, layout_cave_pods, serial_shops,
          nicolae_shop_advertising_works [nicolae_subvault_shop_adworks],
          nicolae_shop_hallway_plus, nicolae_shop_tiny_glass, enter_bailey_5,
          uniq_pikel
D:8:      layout_basic, serial_shops, nicolae_shop_rolled_up, shop, shop
D:9:      layout_stronghold, xom_redecorated, nicolae_sif_muna_condensation,
          lemuel_doored_altar, mainiacjoe_overflow_big_doors,
          serial_column_ruins, column_ruins_hut, column_ruins_hut,
          column_ruins_open_medium_water, column_ruins_columns_straight,
          column_ruins_columns_water, column_ruins_columns_straight,
          column_ruins_columns_straight
D:10:     layout_irregular_city, lair_entry_dummy, serial_shops,
          nicolae_shop_tiny_real_fake_doors, minmay_hollow_rounded_squares,
          uniq_sonja
Temple:   nicolae_temple_great_sept

Skill      XL: |  1  2  3  4  5  6  7  8  9 10 |
---------------+-------------------------------+-----
Ranged Weapons | 4 5 6 7 9 11 13 | 13.5
Armour         | 1 2 3 4 |  4.3
Dodging        | 2 3 4 |  4.5
Fighting       | 3 5 7 |  7.5
Stealth        | 1 2 |  2.2

Action                     |  1- 3 |  4- 6 |  7- 9 | 10-12 || total
---------------------------+-------+-------+-------+-------++-------
  Melee: Shortbow          |       |       |       |     2 ||     2
         Headbutt          |       |       |       |     1 ||     1
   Fire: Shortbow          |    84 |    92 |   264 |   308 ||   748
    Use: Scroll            |     4 |     3 |     7 |     3 ||    17
         Potion            |     4 |     3 |     7 |     5 ||    19
 Armour: Leather armour    |    10 |     6 |    19 |    16 ||    51
  Dodge: Dodged            |    19 |    13 |    50 |    69 ||   151
